[Event "Early-Titled-Tuesday-Blitz-June-18-2024"]
[Site "Chess.com"]
[Date "2024.06.18"]
[Round "2"]
[White "Shield12"]
[Black "JoliyRoger"]
[Result "0-1"]
[WhiteElo "2879"]
[BlackElo "2446"]
[TimeControl "180+1"]
[EndTime "8:20:26 PDT"]
[Termination "JoliyRoger won by checkmate"]

1. b3 c5 2. Bb2 Nc6 3. Nf3 a6 4. e4 e6 5. g3 Nf6 6. e5 Nd5 7. Bg2 Be7 8. O-O O-O 9. Re1 d6 10. exd6 Qxd6 11. d4 Bf6 12. dxc5 Qxc5 13. Bxf6 Nxf6 14.
c4 Rd8 15. Qe2 Nd4 16. Nxd4 Qxd4 17. Na3 Qc5 18. Nc2 Rb8 19. b4 Qc7 20. c5 Bd7 21. Nd4 Be8 22. Rad1 Ba4 23. Rd2 Nd5 24. Nxe6 fxe6 25.
Qxe6+ Kh8 26. Qg4 Nf6 27. Rxd8+ Rxd8 28. Qg5 Bc6 29. a3 h6 30. Qg6 Be8 31. Qf5 Bc6 32. Qg6 Bxg2 33. Kxg2 Qc6+ 34. Kg1 Re8 35. Rd1 Qe4 36.
Qf7 Qe7 37. Qc4 Rd8 38. Rf1 Qe5 39. c6 b5 40. Qc2 Rc8 41. Rd1 Qe4 42. Qxe4 Nxe4 43.
f3 Ng5 44. f4 Ne4 45. Rd4 Nf6 46. Rd6 Rc7 47. Kg2 Kg8 48. Kf3 Kf7 49. f5 Ne8 50.
Re6 Re7 51. Re4 Nc7 52. Rd4 Kf6 53. g4 Kf7 54. Kf4 Ke8 55. h4 Na8 56. g5 hxg5+ 57. hxg5 Nb6 58. Rd1 Rc7 59. Rd6 Nc4 60. Re6+ Kf8 61.
Ke4 Nxa3 62. Kd5 Nc4 63. Kc5 Kf7 64. g6+ Kf8 65. Re2 Re7 66. Rh2 Re5+ 67. Kd4 Re8 68.
Rh8+ Ke7 69. Rxe8+ Kxe8 70. Kd5 Ne3+ 71. Ke6 Nxf5 72. c7 Ne7 73. Kd6 a5 74. bxa5 b4 75. a6 Nc8+ 76. Kc6 b3 77. Kb7 Kd7 78. a7 b2 79. a8=Q b1=Q+ 80. Ka6 Qa2+ 81. Kb7 Qb3+ 82. Ka6 Qa4+ 83. Kb7 Qb5# 0-1

[Event "Early-Titled-Tuesday-Blitz-June-18-2024"]
[Site "Chess.com"]
[Date "2024.06.18"]
[Round "2"]
[White "Vengea_nce"]
[Black "Fandorine"]
[Result "1-0"]
[WhiteElo "2661"]
[BlackElo "2955"]
[TimeControl "180+1"]
[EndTime "8:20:29 PDT"]
[Termination "Vengea_nce won on time"]

1. e4 c5 2. Nf3 Nc6 3. Bb5 g6 4. Bxc6 bxc6 5. d4 cxd4 6. Qxd4 f6 7. Be3 d6 8. c4 c5 9. Qd2 Rb8 10. Nc3 h5 11. O-O Nh6 12. h4 Ng4 13. Bf4 Bg7 14. Nh2 a6 15. b3 Nh6 16. Rad1 Nf7 17. Nd5 e6 18. Nc3 e5 19. Be3 Be6 20. f4 exf4 21.
Bxf4 Rb6 22. Nd5 Rc6 23. Qf2 O-O 24. Qg3 Kh7 25. Bd2 Bxd5 26. exd5 Rc7 27. Bc3 Ne5 28.
Ba5 Qc8 29. Bxc7 Qxc7 30. Nf3 Ng4 31. Rfe1 f5 32. Ng5+ Kg8 33. Ne6 Qa5 34. Nxf8 Bxf8 35. a4 Qd8 36. Re6 Kh7 37. Qe1 Bg7 38. g3 Ne5 39.
Qe2 Qb8 40. Qe3 Ng4 41. Qg5 Ne5 42. Qe3 Ng4 43. Qd3 Ne5 44. Qc2 Nf3+ 45. Kg2 Ne5 46.
Re1 Qb4 47. Re2 Qb8 48. Qc3 Qf8 49. Qa5 f4 50. Rf2 f3+ 51. Kf1 Qf5 52. Rxe5 Qd3+ 53. Kg1 Bxe5 54. Qc7+ Kh6 55. Qd8 Qd1+ 56. Kh2 Bd4 57.
Qf8+ Kh7 58. Qxf3 Qe1 59. Qf7+ Kh6 60. Qf8+ Bg7 61. Qf4+ Kh7 62. Qd2 Qe4 63. Re2 Qb1 64. Qf4 Qxb3 65. Re7 Qc2+ 66. Kh3 Qb1 67. Qf3 Qa1 68.
Rd7 Qxa4 69. Qf7 Qa1 70. Kh2 Qb2+ 71. Kh3 Qa1 72. Qf3 Qe5 73. Ra7 Qa1 74. Ra8 a5 75.
Kg2 a4 76. Qf7 Qb2+ 77. Kh3 Qb1 78. Qf3 Qc2 79. Qf1 a3 80. Rxa3 Qe4 81. Rf3 Qg4+ 82.
Kg2 Qe4 83. Qd3 Qe1 84. Rf2 Qe5 85. Re2 Qa1 86. Qe4 Qd1 87. Qc2 Qa1 88. Rf2 1-0

[Event "Early-Titled-Tuesday-Blitz-June-18-2024"]
[Site "Chess.com"]
[Date "2024.06.18"]
[Round "2"]
[White "margarita_2703"]
[Black "VaglioSagan"]
[Result "0-1"]
[WhiteElo "2229"]
[BlackElo "2488"]
[TimeControl "180+1"]
[EndTime "8:20:33 PDT"]
[Termination "VaglioSagan won on time"]

1. e4 c6 2. d3 d5 3. Nd2 e5 4. Ngf3 Nd7 5. g3 Bd6 6. Bg2 Ne7 7. O-O O-O 8. a4 Nf6 9. c3 h6 10. Re1 Bg4 11. Qc2 Qc7 12. h3 Be6 13. Nh4 g5 14. Nhf3 Ng6 15. Nf1 Qd7 16. h4 g4 17.
N3h2 h5 18. f3 gxf3 19. Nxf3 Bg4 20. Ng5 Rad8 21. b4 dxe4 22. dxe4 Nh7 23. Be3 Nxg5 24. Bxg5 Be7 25. Bxe7 Qxe7 26. Ne3 Rd7 27. Nxg4 hxg4 28. Rad1 Rfd8 29. Qe2 Qe6 30. h5 Nf8 31. Rxd7 Qxd7 32.
Qe3 Ne6 33. Qxa7 Qd2 34. Qe3 Qc2 35. Qe2 Qxe2 36. Rxe2 Rd3 37. Rc2 Rxg3 38. Kf2 Rd3 39. a5 Nf4 40. Bf1 Rf3+ 41. Kg1 Rg3+ 42. Kf2 Rf3+ 43. Kg1 Nxh5 44. Rd2 Nf4 45. Rd7 Rxc3 46. Rxb7 g3 47. a6 Ra3 48. a7 Kg7 49. b5 cxb5 50.
Rxb5 Ra1 51. Rxe5 g2 52. Rg5+ Kh6 53. Rxg2 Nxg2 54. Kxg2 Rxa7 55. Bc4 f6 56. Bd5 Kg5 57. Kf3 Ra3+ 58. Kf2 Kf4 59. Ke2 Ke5 60. Kf2 f5 61.
Bc6 fxe4 62. Ke2 Kf4 63. Bd5 Rh3 64. Bc6 Rh2+ 65. Kf1 e3 66. Ke1 Rc2 67. Bd5 Rd2 68. Bh1 Ke5 69. Bc6 Kd4 70. Bd7 Kc3 71.
Bf5 Ra2 72. Bg6 e2 73. Bf5 Kd4 74. Bg6 Ke3 75. Bb1 Rb2 76. Bg6 Rd2 77. Bc2 Rd6 78. Bf5 Ra6 79. Bb1 Ra5 80. Ba2 Rc5 81. Bc4 Rg5 82.
Bxe2 Rg1+ 83. Bf1 Rh1 0-1

[Event "Early-Titled-Tuesday-Blitz-June-18-2024"]
[Site "Chess.com"]
[Date "2024.06.18"]
[Round "2"]
[White "chezzgirl04"]
[Black "pavelalexandru07"]
[Result "1-0"]
[WhiteElo "2206"]
[BlackElo "2454"]
[TimeControl "180+1"]
[EndTime "8:20:40 PDT"]
[Termination "chezzgirl04 won by resignation"]

1. e4 c5 2. Nf3 d6 3. d4 cxd4 4. Nxd4 Nf6 5. Nc3 a6 6. Bc4 e6 7.
Bb3 Nbd7 8. O-O b5 9. f4 Bb7 10. f5 e5 11. Nf3 h6 12. Re1 Be7 13. Bd5 Qc7 14. Bxb7 Qxb7 15. Nd5 Nxd5 16. exd5 O-O 17. Be3 Nf6 18. a4 Nxd5 19. Bf2 Nf4 20. Be3 Nd5 21. Bd2 Rfe8 22. Qc1 Bf8 23. b3 Rac8 24. axb5 axb5 25. c4 Nb6 26. f6 gxf6 27. Bxh6 bxc4 28. Nh4 cxb3 29.
Qe3 Rc2 30. Bxf8 Kxf8 31. Qh6+ Ke7 32. Nf5+ Kd7 33. Qg7 Qd5 34. Rad1 Qc5+ 35. Kh1 Qf2 36. Qxf7+ Kc8 37. Qxe8+ Kb7 38. Qf7+ Ka6 39. Ra1+ Ra2 40. Rxa2+ bxa2 41. Ra1 Kb5 42. Qb3+ Kc6 43. Qc3+ Kd7 44. Qe1 Qxf5 45. Rxa2 d5 46. Ra7+ Kd6 47. h3 Qe4 48.
Qb1 Qc4 49. Qg1 Qc6 50. Ra6 Kc7 51. Rxb6 Qxb6 52. Qxb6+ Kxb6 53. h4 d4 54. Kg1 d3 55.
Kf2 Kc5 56. Ke3 Kc4 57. Kd2 e4 58. h5 Kd4 59. h6 e3+ 60. Kd1 Kc3 61. h7 e2+ 62.
Ke1 Kc2 63. h8=Q d2+ 64. Kxe2 d1=Q+ 65. Ke3 Qd2+ 66. Kf3 Qd3+ 67. Kf2 Qd4+ 68. Kg3 Qe4 69. Qxf6 Qe3+ 70. Qf3 Qe5+ 71. Qf4 Qc3+ 72. Kg4 Qg7+ 73. Kf3 Qc3+ 74. Qe3 Qg7 75. Qe2+ Kc3 76. Qe1+ Kd3 77. Qd1+ Kc4 78. Qe2+ Kd5 79. Qe4+ Kd6 80. g4 Qc3+ 81. Qe3 Qc6+ 82. Kg3 Qc4 83. Qf4+ Qxf4+ 84. Kxf4 Ke6 85. Kg5 Kf7 86. Kh6 Kg8 87. Kg6 Kf8 88. Kh7 1-0

[Event "Early-Titled-Tuesday-Blitz-June-18-2024"]
[Site "Chess.com"]
[Date "2024.06.18"]
[Round "2"]
[White "ilovejokes555"]
[Black "ShahMatKanal"]
[Result "1/2-1/2"]
[WhiteElo "2187"]
[BlackElo "2467"]
[TimeControl "180+1"]
[EndTime "8:21:04 PDT"]
[Termination "Game drawn by repetition"]

1. e4 c6 2. d4 d5 3. Nd2 g6 4.
Ngf3 Bg4 5. e5 Nd7 6. Bd3 e6 7. h3 Bf5 8. Bxf5 gxf5 9. Nb3 c5 10. c3 a5 11. a4 cxd4 12. Nbxd4 Ne7 13. Bg5 Qb6 14. Bxe7 Bxe7 15. Qd2 Nc5 16. Qe2 Rg8 17. g3 O-O-O 18. h4 Qxb2 19. Qxb2 Nd3+ 20. Ke2 Nxb2 21. Rhb1 Nc4 22. Rb5 Kc7 23. Nb3 b6 24. Nbd4 Bc5 25.
Ra2 h6 26. Nd2 Nxd2 27. Kxd2 Rg4 28. Ke3 Re4+ 29. Kd3 Rxe5 30. Re2 Rxe2 31. Kxe2 Kb7 32. Nb3 Kc6 33. Nxc5 bxc5 34. Rxa5 Rb8 35. Ra6+ Rb6 36. Ra7 Rb2+ 37. Kf3 Rc2 38. Rxf7 Rxc3+ 39. Ke2 Kd6 40. Rh7 Ra3 41. Rxh6 d4 42. Rh8 Rxa4 43. h5 Ke5 44. Rc8 Ra2+ 45. Kd3 Rxf2 46. Rxc5+ Kd6 47.
Ra5 Rh2 48. Kxd4 Rxh5 49. Ke3 Ke7 50. Kf4 Rh1 51. Rb5 Kf6 52. Ra5 e5+ 53. Kf3 Rf1+ 54.
Kg2 Rb1 55. Kf3 Rb2 56. Ra6+ Kg5 57. Ra8 e4+ 58. Ke3 Rb3+ 59. Kf2 Rb2+ 60. Ke3 Rb3+ 61. Kf2 Kf6 62. Kg2 Rb7 63. Kf2 Rf7 64. Ke3 Ke5 65. Ra5+ Kf6 66. Ra6+ Kg5 67. Ra8 Rd7 68. Rg8+ Kf6 69.
Rf8+ Kg6 70. Rg8+ Kf7 71. Rg5 Kf6 72. Rg8 Rd3+ 73. Kf2 Rf3+ 74. Kg2 Ra3 75. Kf2 Ra2+ 76. Ke3 Ra3+ 77. Kf2 Ke5 78. Re8+ Kd6 79. Rd8+ Ke7 80. Rd5 Kf6 81. Rd6+ Kg5 82. Rd8 Rf3+ 83. Kg2 Rd3 84. Rg8+ Kf6 85. Rf8+ Ke5 86. Re8+ Kd4 87. Kf2 Rf3+ 88.
Kg2 Ke3 89. Rd8 Rf2+ 90. Kg1 Rd2 91. Rf8 Kd3 92. Rxf5 e3 93. Re5 Ke2 94. Kg2 Rd1 95.
g4 Rd7 96. g5 Rg7 97. Kg3 Kd2 98. Kf4 e2 99. Kf5 e1=Q 100. Rxe1 Kxe1 101. g6 Ke2 102. Kf6 Ra7 103. g7 Ra6+ 104. Kf7 Ra7+ 105. Kf6 Ra6+ 106. Kf7 Ra7+ 107. Kf6 1/2-1/2

[Event "Early-Titled-Tuesday-Blitz-June-18-2024"]
[Site "Chess.com"]
[Date "2024.06.18"]
[Round "2"]
[White "Wizard_97"]
[Black "Heliosis11"]
[Result "1/2-1/2"]
[WhiteElo "2722"]
[BlackElo "2431"]
[TimeControl "180+1"]
[EndTime "8:21:26 PDT"]
[Termination "Game drawn by 50-move rule"]

1. e4 e5 2. Nf3 Nc6 3. Bc4 Nf6 4. d3 Bc5 5. c3 d6 6. Nbd2 O-O 7. Bb3 a5 8. Nf1 Ng4 9. Ne3 Nxe3 10. Bxe3 Bxe3 11.
fxe3 Be6 12. O-O Qe7 13. Rf2 g6 14. Qc2 b5 15. Raf1 a4 16. Bd5 Bxd5 17. exd5 Nd8 18. e4 f5 19. Nd2 f4 20. d4 Nf7 21. Qd3 Rab8 22. a3 g5 23. Qh3 Qf6 24. Qe6 Kg7 25. Nf3 Rfe8 26. Qg4 Qg6 27. dxe5 Nxe5 28. Nxe5 Rxe5 29.
h4 h6 30. hxg5 hxg5 31. g3 Rxe4 32. gxf4 Rf8 33. Qxg5 Qxg5+ 34. fxg5 Rxf2 35. Rxf2 Re5 36. Rd2 Rxg5+ 37. Kf2 Kf6 38. Kf3 Ke5 39. Rd4 Rf5+ 40. Ke3 Rh5 41. Rb4 Rh3+ 42. Kd2 Kxd5 43. Rxb5+ c5 44. Ra5 Rh2+ 45. Kc1 Rh1+ 46. Kc2 Rh4 47. Ra6 Rh2+ 48. Kb1 Kc4 49. Rxd6 Rh1+ 50. Ka2 Rh2 51. Rb6 Rg2 52. Rb8 Rh2 53. Rf8 Rg2 54. Rf4+ Kb5 55. c4+ Kb6 56. Rf6+ Ka5 57. Rc6 Rg5 58.
Kb1 Rg1+ 59. Kc2 Rg2+ 60. Kd3 Rxb2 61. Rxc5+ Kb6 62. Rh5 Rb3+ 63. Kd4 Rxa3 64. c5+ Kc7 65. Rh7+ Kc6 66. Rh6+ Kc7 67. Kd5 Rd3+ 68. Kc4 Rg3 69.
Ra6 Rg4+ 70. Kb5 Rf4 71. Ra7+ Kb8 72. Rh7 a3 73. Rh2 Rf6 74. c6 Rf3 75. Ka6 Kc7 76. Rc2 Rf6 77. Kb5 a2 78. Rxa2 Rxc6 79. Rh2 Rb6+ 80.
Kc5 Rb7 81. Rh7+ Kb8 82. Rh8+ Ka7 83. Rh2 Rc7+ 84. Kd6 Rb7 85. Ra2+ Kb8 86. Rc2 Rb6+ 87. Kc5 Rh6 88. Rg2 Kc7 89. Rg7+ Kd8 90. Kd5 Ke8 91. Ra7 Kf8 92. Ke5 Kg8 93. Kf5 Kf8 94. Ra8+ Ke7 95.
Rg8 Kd6 96. Kg5 Rh1 97. Rd8+ Ke7 98. Rb8 Kd7 99. Rb7+ Kc6 100. Rf7 Rg1+ 101. Kh4 Rh1+ 102. Kg3 Rg1+ 103. Kh2 Rg6 104. Rf5 Rd6 105. Rf3 Kc5 106. Rc3+ Kd4 107. Rc8 Rh6+ 108. Kg3 Rg6+ 109. Kf4 Rf6+ 110. Kg5 Rd6 111. Kf5 Rd5+ 112. Ke6 Ra5 113. Rd8+ Ke4 114. Rh8 Ra6+ 115. Kd7 Ra7+ 116. Kc6 Ra6+ 117. Kb5 Rf6 118. Rh4+ Rf4 119. Rh1 Rf3 120. Kc5 Rc3+ 121. Kd6 Rd3+ 122. Ke6 Kd4 123. Rh4+ Kc5 124. Rh5+ Kc6 125. Re5 Rd6+ 126. Ke7 Rd5 127. Re6+ Kc5 128. Re1 Kd4 1/2-1/2

[Event "Early-Titled-Tuesday-Blitz-June-18-2024"]
[Site "Chess.com"]
[Date "2024.06.18"]
[Round "2"]
[White "Ordekalog"]
[Black "klimkoj"]
[Result "0-1"]
[WhiteElo "2618"]
[BlackElo "2894"]
[TimeControl "180+1"]
[EndTime "8:22:07 PDT"]
[Termination "klimkoj won on time"]

1. e4 c5 2. d3 g6 3. g3 Bg7 4.
Bg2 e6 5. f4 Ne7 6. Nf3 O-O 7.
c3 Nbc6 8. Be3 b6 9. Bf2 d5 10. e5 f6 11. exf6 Bxf6 12. O-O e5 13. fxe5 Nxe5 14.
Nxe5 Bxe5 15. Nd2 Bg7 16. Qb3 Be6 17. Rae1 Bf7 18. Qa4 Nf5 19. Nf3 d4 20. c4 Be8 21.
Qd1 Bc6 22. g4 Ne3 23. Bxe3 dxe3 24. Rxe3 Bxb2 25. Kh1 Qd6 26. Qe2 Rae8 27. Rxe8 Rxe8 28. Qxb2 Qxd3 29. Qf6 Be4 30. Ng5 Bxg2+ 31. Kxg2 Qxc4 32. h3 Qxa2+ 33. Rf2 Qd5+ 34. Kg3 Qe5+ 35. Qxe5 Rxe5 36.
h4 Re7 37. Rd2 h6 38. Rd8+ Kg7 39. Nf3 Rc7 40. Ne5 c4 41. h5 gxh5 42. gxh5 c3 43.
Nd3 c2 44. Nc1 Kf6 45. Kf4 Rc4+ 46. Ke3 Kg5 47. Rd5+ Kg4 48. Kd3 Rc7 49. Kd2 a5 50. Nd3 a4 51. Kc1 a3 52. Nb4 Rc4 53. Na2 Rc6 54.
Rb5 Kh4 55. Nb4 Rc5 56. Rxb6 Kxh5 57. Nxc2 a2 58. Ra6 Kg4 59. Rxa2 h5 60. Ra4+ Kg3 61. Kd2 h4 62. Ra3+ Kf2 63. Rh3 Rd5+ 64. Kc3 Rh5 65. Nd4 Kg2 66. Rd3 h3 67. Nc2 h2 68. Rd2+ Kg3 69. Rd3+ Kf4 70. Rd4+ Ke5 71. Rd1 Rh3+ 72.
Kb2 Ke4 73. Rh1 Kf3 74. Ne1+ Kf2 75. Kc2 Rh7 76. Rxh2+ Rxh2 77. Nd3+ Ke3+ 78. Kc3 Rh5 79. Nb4 Rc5+ 80. Kb3 Kd4 81. Nc2+ Kd3 82. Nb4+ Kd2 83. Na6 Rh5 84. Nb4 Ke3 85. Kc4 Rh4+ 86. Kc5 Ke4 87. Nc6 Rh5+ 88. Kc4 Rh8 89. Kc5 Rh1 90. Kd6 Rd1+ 91.
Kc5 Rd7 92. Nb4 Ke5 93. Kc6 Ke6 94. Na6 Rd6+ 95. Kb5 Kd7 96. Nc5+ Kc7 97. Kc4 Rh6 98. Ne4 Kc6 99. Kd4 Rh4 100. Ke5 Kd7 101. Nf6+ Ke7 102. Nd5+ Kf7 103. Kd6 Rh5 104. Kc6 Ke6 105. Nc7+ Ke5 106. Nb5 Rh1 107. Kd7 Rc1 108. Nc7 Rd1+ 109. Ke7 Rd6 110. Ne8 Rc6 111. Kd7 Rh6 112. Nc7 Rg6 113. Ne8 Rh6 114. Kc7 Rh7+ 115. Kc6 Rh8 116. Nc7 Rd8 117. Kc5 Rd1 118. Kc6 Rd6+ 119. Kc5 Rh6 120. Nb5 Rh8 121.
Kc4 Rc8+ 122. Kb4 Kd5 123. Nc3+ Kc6 124. Nb5 Rb8 0-1

[Event "Early-Titled-Tuesday-Blitz-June-18-2024"]
[Site "Chess.com"]
[Date "2024.06.18"]
[Round "3"]
[White "LileKoridze"]
[Black "stolencandy13"]
[Result "0-1"]
[WhiteElo "2432"]
[BlackElo "2634"]
[TimeControl "180+1"]
[EndTime "8:24:34 PDT"]
[Termination "stolencandy13 won by resignation"]

1. d4 Nf6 2. c4 e5 3. dxe5 Ng4 4. Bf4 Nc6 5. e3 Ngxe5 6. Nd2 d6 7. Ngf3 Bg4 8. Ke2 Be7 9. Ke1 O-O 10. Be2 Re8 11.
Kf1 Bf6 12. Rc1 Nb4 13. a3 Nbd3 14. Rb1 Nxf4 15. exf4 Nc6 16. h3 Bf5 17. Rc1 Bxb2 18. Rc2 Bxc2 19. Qxc2 Bxa3 20. g3 Bc5 21. Kg2 Nd4 0-1

[Event "Early-Titled-Tuesday-Blitz-June-18-2024"]
[Site "Chess.com"]
[Date "2024.06.18"]
[Round "3"]
[White "NailBashirli"]
[Black "WiktoriaPOL"]
[Result "1-0"]
[WhiteElo "2750"]
[BlackElo "2401"]
[TimeControl "180+1"]
[EndTime "8:24:38 PDT"]
[Termination "NailBashirli won by resignation"]

1. e4 c5 2. Nc3 Nc6 3. Bb5 Nd4 4. Nf3 Nxb5 5. Nxb5 g6 6. d4 cxd4 7. Qxd4 Nf6 8. e5 Nh5 9. Qc3 Bg7 10. Nc7+ Kf8 11. Nxa8 d6 12. Bg5 1-0

[Event "Early-Titled-Tuesday-Blitz-June-18-2024"]
[Site "Chess.com"]
[Date "2024.06.18"]
[Round "3"]
[White "Rsnr"]
[Black "Commando_Droid"]
[Result "1-0"]
[WhiteElo "2911"]
[BlackElo "2699"]
[TimeControl "180+1"]
[EndTime "8:24:51 PDT"]
[Termination "Rsnr won by resignation"]

1. d4 Nf6 2. c4 e6 3. Nf3 d5 4. g3 Bb4+ 5. Bd2 Be7 6. Bg2 O-O 7.
O-O c6 8. Bf4 dxc4 9. Qc2 Nd5 10.
Qxc4 Nxf4 11. gxf4 Nd7 12. e3 Rb8 13. Rd1 c5 14.
dxc5 Qc7 15. b4 e5 16. Nc3 Nf6 17. fxe5 Ng4 18. Nd5 Nxe5 19. Qe4 f5 20. Qxe5 1-0

[Event "Early-Titled-Tuesday-Blitz-June-18-2024"]
[Site "Chess.com"]
[Date "2024.06.18"]
[Round "3"]
[White "campochess"]
[Black "stasOR4ik"]
[Result "0-1"]
[WhiteElo "2224"]
[BlackElo "2438"]
[TimeControl "180+1"]
[EndTime "8:25:04 PDT"]
[Termination "stasOR4ik won by resignation"]

1. d4 e6 2. Nf3 d5 3. c4 Nf6 4. Nc3 c6 5. cxd5 exd5 6. g3 Nbd7 7. Bg2 Ne4 8. O-O f5 9. Nd2 Bd6 10. Ndxe4 fxe4 11. f3 exf3 12. Rxf3 Nf6 13. Bg5 O-O 14.
e4 dxe4 15. Nxe4 Bg4 16. Qb3+ Kh8 17. Rxf6 gxf6 18. Nxf6 Rxf6 19. Bxf6+ Qxf6 20. Qe3 Qe7 21. Qc3 Re8 22. Kh1 Qe3 0-1

[Event "Early-Titled-Tuesday-Blitz-June-18-2024"]
[Site "Chess.com"]
[Date "2024.06.18"]
[Round "3"]
[White "dianamirza"]
[Black "JunjiCol"]
[Result "0-1"]
[WhiteElo "1792"]
[BlackElo "2357"]
[TimeControl "180+1"]
[EndTime "8:25:09 PDT"]
[Termination "JunjiCol won by resignation"]

1. e4 e5 2. Nf3 d5 3. exd5 Nf6 4. Bb5+ c6 5. dxc6 bxc6 6. Ba4 e4 7. Nd4 Qxd4 8. Nc3 Bb4 9. Bb3 Ba6 10. d3 exd3 11.
O-O O-O 12. cxd3 Qxd3 13. Qxd3 Bxd3 14. Rd1 Bg6 15. Bg5 Bxc3 16. bxc3 Ne4 17. Be7 Re8 18. Rd4 Nxc3 19. Rd3 Bxd3 0-1

[Event "Early-Titled-Tuesday-Blitz-June-18-2024"]
[Site "Chess.com"]
[Date "2024.06.18"]
[Round "3"]
[White "Veleamater"]
[Black "Renatoforf"]
[Result "0-1"]
[WhiteElo "2396"]
[BlackElo "2128"]
[TimeControl "180+1"]
[EndTime "8:25:51 PDT"]
[Termination "Renatoforf won by resignation"]

1. g3 Nf6 2. Bg2 e5 3. d3 d5 4. Nf3 Nc6 5. Nc3 Bb4 6. O-O Bxc3 7. bxc3 h6 8. a4 O-O 9. h3 Be6 10. Ba3 Re8 11. Nd2 a5 12. Rb1 b6 13. Qe1 Qd7 14. Kh2 Rad8 15. e4 dxe4 16. Nxe4 Nxe4 17. Qxe4 Bd5 18.
Qxd5 Qxd5 19. Bxd5 Rxd5 20. Rbe1 Red8 21. f4 f6 22. c4 R5d7 23. Kg2 Kf7 24. Kf3 exf4 25.
gxf4 Nd4+ 26. Kg4 Nxc2 27. Bc1 Nxe1 28. Rxe1 Rxd3 29. Be3 Re8 30. Kf3 Rdxe3+ 31. Rxe3 Rxe3+ 32. Kxe3 f5 33. Kd4 Ke6 34. h4 c5+ 35. Kd3 Kf6 36.
Ke3 Kg6 37. Kf3 Kh5 38. Kg3 g5 39. fxg5 hxg5 40. hxg5 Kxg5 41. Kf3 f4 42. Ke4 Kg4 43. Kd5 f3 44. Kc6 f2 45. Kxb6 f1=Q 46. Kxa5 Qb1 47.
Ka6 Qb4 48. a5 Kf4 0-1

[Event "Early-Titled-Tuesday-Blitz-June-18-2024"]
[Site "Chess.com"]
[Date "2024.06.18"]
[Round "3"]
[White "Vaathi_Coming"]
[Black "Patricius007"]
[Result "1-0"]
[WhiteElo "2884"]
[BlackElo "2533"]
[TimeControl "180+1"]
[EndTime "8:26:00 PDT"]
[Termination "Vaathi_Coming won by checkmate"]

1. g3 d5 2. d3 c5 3. Bg2 Nc6 4. Nf3 e5 5. O-O Be7 6. c4 d4 7.
e3 Nf6 8. exd4 exd4 9. Re1 O-O 10. Ne5 Nxe5 11. Rxe5 Bd6 12. Re1 h6 13. Nd2 Qc7 14.
Ne4 Nxe4 15. Bxe4 Bh3 16. Qh5 Qd7 17. Bxh6 gxh6 18. Qxh6 Bf5 19. Qg5+ Bg6 20. Bxg6 fxg6 21. Qxg6+ Kh8 22. Qh6+ Kg8 23. Re6 Rae8 24. Rg6+ Kf7 25. Qg7# 1-0

[Event "Early-Titled-Tuesday-Blitz-June-18-2024"]
[Site "Chess.com"]
[Date "2024.06.18"]
[Round "3"]
[White "JanMur7"]
[Black "Nadtkins"]
[Result "0-1"]
[WhiteElo "2247"]
[BlackElo "2562"]
[TimeControl "180+1"]
[EndTime "8:26:01 PDT"]
[Termination "Nadtkins won by resignation"]

1. c4 e5 2. Nc3 Nc6 3. Nf3 d6 4. d4 Bg4 5. d5 Nb8 6. e4 g6 7. h3 Bxf3 8. Qxf3 h5 9. g4 Nd7 10. Be3 Be7 11. Be2 Bg5 12. O-O-O h4 13. Nb5 a6 14. Bxg5 Qxg5+ 0-1

[Event "Early-Titled-Tuesday-Blitz-June-18-2024"]
[Site "Chess.com"]
[Date "2024.06.18"]
[Round "3"]
[White "Gareth-Bale11"]
[Black "AljoschaFeuerstack"]
[Result "1-0"]
[WhiteElo "2938"]
[BlackElo "2671"]
[TimeControl "180+1"]
[EndTime "8:26:02 PDT"]
[Termination "Gareth-Bale11 won by resignation"]

1. d4 d5 2. Bf4 Nf6 3. e3 g6 4. Nf3 Bg7 5. Nbd2 O-O 6. c3 Nh5 7. Bg5 h6 8. Bh4 g5 9. Ne5 Nf6 10. Bg3 Bf5 11. h4 Nbd7 12. hxg5 hxg5 13. Bd3 Bxd3 14.
Nxd3 e6 15. Qf3 Re8 16. O-O-O c5 17. Nxc5 Nxc5 18. dxc5 Qa5 19. Be5 Nd7 20. Bxg7 Kxg7 21. Rh7+ 1-0

[Event "Early-Titled-Tuesday-Blitz-June-18-2024"]
[Site "Chess.com"]
[Date "2024.06.18"]
[Round "3"]
[White "Rile-Man"]
[Black "Grebnev_A"]
[Result "1-0"]
[WhiteElo "2512"]
[BlackElo "2695"]
[TimeControl "180+1"]
[EndTime "8:26:10 PDT"]
[Termination "Rile-Man won by resignation"]

1. d4 Nf6 2. Bf4 d5 3. e3 c5 4. Nf3 Nc6 5. Nbd2 cxd4 6. exd4 Bg4 7. c3 e6 8. Qa4 Bxf3 9. Nxf3 Rc8 10. Ne5 a6 11.
Nxc6 Rxc6 12. Bxa6 Bd6 13. Bxd6 Qxd6 14. Bb5 O-O 15. Bxc6 bxc6 16. h3 c5 17. O-O Ne4 18. dxc5 Qxc5 19. Qd4 Qb5 20. b4 Qa4 21. Rfb1 Rc8 22.
Rb3 Rc4 23. Qd3 Qa7 24. Qe3 Qc7 25. b5 Nc5 26. Rb4 Na4 27. Rxc4 Qxc4 28. b6 Qb5 29. c4 dxc4 30. Rd1 f5 31. Qxe6+ 1-0

[Event "Early-Titled-Tuesday-Blitz-June-18-2024"]
[Site "Chess.com"]
[Date "2024.06.18"]
[Round "3"]
[White "i_like_explosions"]
[Black "YurasovMat-2012"]
[Result "0-1"]
[WhiteElo "2422"]
[BlackElo "2626"]
[TimeControl "180+1"]
[EndTime "8:26:10 PDT"]
[Termination "YurasovMat-2012 won by resignation"]

1. d4 Nf6 2. Bg5 d5 3. Bxf6 gxf6 4. e3 e6 5. c4 c6 6. Nf3 Nd7 7. Nc3 f5 8. Be2 Bd6 9. c5 Bc7 10. b4 O-O 11. a4 Qf6 12. b5 Ba5 13. Qd3 Qg7 14. Rc1 Nf6 15. O-O Ne4 16. Na2 Kh8 17. Rfd1 Rg8 18. g3 Bc7 19. Ne1 Nxg3 20. hxg3 Bxg3 21.
Bf3 Bh4+ 22. Kf1 Qg1+ 0-1

[Event "Early-Titled-Tuesday-Blitz-June-18-2024"]
[Site "Chess.com"]
[Date "2024.06.18"]
[Round "3"]
[White "Guldona_2007"]
[Black "CristianS27"]
[Result "0-1"]
[WhiteElo "2256"]
[BlackElo "2495"]
[TimeControl "180+1"]
[EndTime "8:26:14 PDT"]
[Termination "CristianS27 won by resignation"]

1. e4 e5 2. Nf3 d5 3. exd5 e4 4. Ne5 Qxd5 5. d4 exd3 6. Nxd3 Nf6 7. Nc3 Qd8 8. Be2 Be7 9. O-O O-O 10. Bg5 Nc6 11. Qd2 Nd4 12. Be3 Re8 13. Nf4 Nxe2+ 14. Nfxe2 Qxd2 15. Bxd2 Bf5 16. Nd4 Bg6 17. f4 Rad8 18.
Nb3 Bxc2 19. Be3 Ng4 20. Bf2 Nxf2 21. Kxf2 Bxb3 22. axb3 Rd2+ 23. Kg1 Rxb2 24. Rfe1 Bc5+ 25. Kh1 Rxe1+ 26. Rxe1 g6 27. Na4 Rc2 28. Nxc5 Rxc5 29. h3 Rc3 30. Re8+ Kg7 31. Re7 Rxb3 32. Rxc7 a5 33. Rc8 a4 34. Ra8 a3 35. Kh2 b5 36.
Ra5 b4 37. f5 gxf5 38. Rxf5 a2 39. Rg5+ Kf6 40. Ra5 Ra3 0-1

[Event "Early-Titled-Tuesday-Blitz-June-18-2024"]
[Site "Chess.com"]
[Date "2024.06.18"]
[Round "3"]
[White "SHIVACalypso"]
[Black "gabduschew"]
[Result "1-0"]
[WhiteElo "2527"]
[BlackElo "2306"]
[TimeControl "180+1"]
[EndTime "8:26:23 PDT"]
[Termination "SHIVACalypso won by resignation"]

1. d4 Nf6 2. Nf3 g6 3. Bf4 Bg7 4. Nc3 d5 5. h4 O-O 6. Qd2 Re8 7. O-O-O c6 8. h5 b5 9. Bh6 Bh8 10. hxg6 hxg6 11. Ng5 Qc7 12. e4 dxe4 13. Ncxe4 Nxe4 14. Nxe4 Bf5 15. Bf8 1-0

[Event "Early-Titled-Tuesday-Blitz-June-18-2024"]
[Site "Chess.com"]
[Date "2024.06.18"]
[Round "3"]
[White "HanSchut"]
[Black "Manukyan_Artak"]
[Result "0-1"]
[WhiteElo "2261"]
[BlackElo "2492"]
[TimeControl "180+1"]
[EndTime "8:26:43 PDT"]
[Termination "Manukyan_Artak won by resignation"]

1. e4 c6 2. d4 d5 3. e5 Bf5 4. h4 h5 5. Bg5 Qb6 6. Bd3 Bxd3 7. Qxd3 e6 8. Nd2 Qa6 9. c4 Bb4 10. b3 Nd7 11. Nf3 Nh6 12. O-O Nf5 13. a3 Bxd2 14.
Bxd2 O-O 15. Rfc1 c5 16. g3 cxd4 17. Nxd4 Nxe5 18. Qc3 Nxd4 19. Bf4 Ne2+ 0-1

[Event "Early-Titled-Tuesday-Blitz-June-18-2024"]
[Site "Chess.com"]
[Date "2024.06.18"]
[Round "3"]
[White "Lion-Al-Messi"]
[Black "VerdeNotte"]
[Result "0-1"]
[WhiteElo "2630"]
[BlackElo "2849"]
[TimeControl "180+1"]
[EndTime "8:26:46 PDT"]
[Termination "VerdeNotte won by resignation"]

1. e4 e5 2. Nf3 Nc6 3. Bc4 Nf6 4. d3 Bc5 5. c3 d6 6. b4 Bb6 7. a4 a5 8. b5 Ne7 9. Nbd2 Ng6 10. h3 d5 11. exd5 Nxd5 12. Ne4 h6 13.
Qb3 Be6 14. O-O O-O 15. Ba3 Re8 16. Nc5 Bxc5 17. Bxc5 b6 18. Ba3 Ndf4 19. Rad1 Qf6 20.
Bxe6 Rxe6 21. Kh2 Nxg2 22. Kxg2 Nf4+ 23. Kh2 Qf5 24. Ng1 Qg6 25. Qd5 Nxd5 26. Ne2 Nf4 27.
Nxf4 exf4 28. Rg1 Qf5 29. Rd2 f3 30. Bc1 Re2 31. Rxe2 fxe2 32. Be3 Qxd3 33. Bxh6 Qd6+ 0-1

[Event "Early-Titled-Tuesday-Blitz-June-18-2024"]
[Site "Chess.com"]
[Date "2024.06.18"]
[Round "3"]
[White "tusplingher"]
[Black "KarlEmilElmer"]
[Result "1-0"]
[WhiteElo "2565"]
[BlackElo "2252"]
[TimeControl "180+1"]
[EndTime "8:26:49 PDT"]
[Termination "tusplingher won by checkmate"]

1. c4 Nf6 2. g3 c6 3. Bg2 d5 4. Nf3 Bf5 5. Qb3 Qc8 6. Nc3 e6 7. d3 Bd6 8. O-O h6 9. Re1 Nbd7 10. e4 dxe4 11. dxe4 Nc5 12. Qd1 Nfxe4 13. Nxe4 Nxe4 14.
Nh4 Nxf2 15. Qxd6 Ng4 16. Nxf5 Qd8 17. Nxg7# 1-0